 Dungeon Crawl Stone Soup version 0.23.2-11-gf996548c65 (webtiles) character file.

Game seed: 10327369116359172864

599 myga the Covered (level 7, 0/54 HPs)
             Began as a Formicid Fighter on June 4, 2019.
             Was a Believer of Nemelex Xobeh.
             Slain by an ogre
             ... wielding a +0 giant club
              (17 damage)
             ... on level 4 of the Dungeon.
             The game lasted 00:16:14 (3814 turns).

myga the Covered (Formicid Fighter)                 Turns: 3814, Time: 00:16:15

Health: 0/54       AC: 12    Str: 20    XL:     7   Next: 68%
Magic:  9/9        EV:  5    Int:  8    God:    Nemelex Xobeh [**....]
Gold:   158        SH: 10    Dex: 12    Spells: 6/6 levels left

rFire    . . .     SeeInvis +   o - +0 scythe
rCold    . . .     Gourm    .   b - +0 shield
rNeg     . . .     Faith    .   t - +0 plate armour
rPois    .         Spirit   .   (helmet unavailable)
rElec    .         Reflect  .   (no cloak)
rCorr    .         Harm     .   (no gloves)
MR       .....                  (no boots)
Stlth    ..........             (no amulet)
HPRegen  0.18/turn              (no ring)
MPRegen  0.11/turn              (no ring)

@: no status effects
A: permanent stasis, dig shafts and tunnels, four strong arms, antennae 3
a: Dig, Shaft Self, Draw Escape, Draw Destruction, Draw Summoning, Renounce
Religion


You were on level 4 of the Dungeon.
You worshipped Nemelex Xobeh.
Nemelex Xobeh was pleased with you.
You were hungry.

You visited 1 branch of the dungeon, and saw 4 of its levels.

You collected 158 gold pieces.

Inventory:

Hand Weapons
 o - a +0 scythe (weapon)
Missiles
 h - 129 stones (quivered)
 k - 12 tomahawks
 n - 3 javelins
Armour
 b - a +0 shield (worn)
 t - a +0 plate armour (worn)
Scrolls
 a - a scroll of noise {unknown}
 g - a scroll of blinking {unknown}
 l - a scroll of remove curse
 m - a scroll of random uselessness {unknown}
 r - a scroll of fog {unknown}
 s - a scroll of amnesia {unknown}
Potions
 c - a potion of might
 e - a potion of lignification
 f - a potion of haste
 j - a potion of magic
 p - a potion of mutation
 q - a potion of curing
 u - a potion of degeneration {unknown}
 v - a potion of cancellation {unknown}
Comestibles
 d - 6 rations
 w - 9 chunks of flesh


   Skills:
 + Level 4.1 Fighting
 + Level 4.1 Polearms
 + Level 0.9 Throwing
 + Level 5.2 Armour
 + Level 1.0 Dodging
 + Level 1.0 Stealth
 + Level 4.8 Shields
 + Level 2.2 Unarmed Combat
 * Level 3.0 Invocations


You had 6 spell levels left.
You didn't know any spells.
Your spell library was empty.

Dungeon Overview and Level Annotations

Branches:
Dungeon (4/15)
 Temple: D:4-7

Altars:
Cheibriados
Dithmenos
Nemelex Xobeh


Innate Abilities, Weirdness & Mutations

You cannot be hasted, slowed, berserked, paralysed or teleported.
You can dig through walls and to a lower floor.
Your four strong arms can wield two-handed weapons with a shield.
You have a pair of large antennae on your head. (SInv)


Message History

Your plate armour prevents you from hitting the ogre.
The ogre is moderately wounded.
You block the ogre's attack. The ogre hits you with a +0 giant club!
* * * LOW HITPOINT WARNING * * *
Unknown command.
Unknown command.
You are feeling hungry.
There is an open door here.
You feel much better. You block the ogre's attack.
You slash the ogre!
The ogre is severely wounded.
The ogre completely misses you.
You closely miss the ogre.
The ogre is severely wounded.
The ogre hits you with a +0 giant club! x2
Your plate armour prevents you from hitting the ogre.
The ogre is severely wounded.
The ogre hits you with a +0 giant club!
You die...
Your body glows slightly and disappears.

..#....#......#......# ..
+....#......#......# ...
#....#......#......#
#....'......#......#
############...####...######
#....##.####...##########..##
.(......#.............+.....#
........#.............#.....#
........#......@......#.....##
#.####..O##............#
##.####...##....#########
#.....#...#......#
#.....#...#......#
#.....'...#......#
#.....#...#......#
#....>#...#......#
############....##


You could see an ogre.

Vanquished Creatures
  Sigmund (D:2)
  3 orc wizards
  2 hounds
  Natasha (thrice) (D:2)
  8 gnolls
  6 adders
  An ooze (D:1)
  5 worms
  A dart slug (D:1)
  2 leopard geckos
  6 orcs
  3 ball pythons
  6 bats
  3 giant cockroaches (D:2)
  13 goblins
  7 hobgoblins
  3 jackals (D:2)
  5 kobolds
  2 quokkas (D:2)
  2 frilled lizards
  8 rats
90 creatures vanquished.

Notes
Turn   | Place    | Note
-------+----------+-------------------------------------------
     0 | D:1      | myga the Formicid Fighter began the quest for the Orb.
     0 | D:1      | Reached XP level 1. HP: 18/18 MP: 1/1
   123 | D:1      | Reached XP level 2. HP: 16/24 MP: 2/2
   256 | D:1      | Reached XP level 3. HP: 17/29 MP: 3/3
   815 | D:2      | Reached skill level 4 in Armour
   856 | D:2      | Noticed Natasha
   862 | D:2      | Killed Natasha
   862 | D:2      | Reached skill level 1 in Polearms
   862 | D:2      | Reached XP level 4. HP: 25/35 MP: 4/4
   874 | D:2      | Found a sparkling altar of Nemelex Xobeh.
   888 | D:2      | Became a worshipper of Nemelex Xobeh the Trickster
   907 | D:2      | Reached skill level 1 in Stealth
  1037 | D:2      | Received a gift from Nemelex Xobeh
  1049 | D:2      | Noticed Natasha
  1083 | D:2      | Killed Natasha
  1083 | D:2      | Reached XP level 5. HP: 8/41 MP: 5/5
  1199 | D:2      | Noticed Natasha
  1505 | D:2      | Killed Natasha
  1505 | D:2      | Reached skill level 1 in Invocations
  1810 | D:2      | Noticed Sigmund
  1819 | D:2      | Killed Sigmund
  1819 | D:2      | Reached XP level 6. HP: 42/48 MP: 5/7
  1907 | D:2      | Found a snail-covered altar of Cheibriados.
  2439 | D:2      | Reached * piety under Nemelex Xobeh
  2614 | D:2      | Reached XP level 7. HP: 46/54 MP: 8/8
  2798 | D:3      | Found a shadowy altar of Dithmenos.
  3173 | D:3      | Reached skill level 5 in Armour
  3331 | D:3      | Reached skill level 1 in Dodging
  3636 | D:4      | Received a gift from Nemelex Xobeh
  3763 | D:4      | Reached ** piety under Nemelex Xobeh
  3814 | D:4      | Slain by an ogre

Skill      XL: |  1  2  3  4  5  6  7 |
---------------+----------------------+-----
Shields        | 4 |  4.8
Armour         | 4 5 |  5.2
Polearms       | 1 2 3 4 |  4.1
Stealth        | 1 |  1.0
Invocations    | 2 3 |  3.0
Fighting       | 4 |  4.1
Dodging        | 1 |  1.0
Throwing       | |  0.9
Unarmed Combat | |  2.2

Action                   |  1- 3 |  4- 6 |  7- 9 || total
-------------------------+-------+-------+-------++-------
Melee: Unarmed           |    34 |       |       ||    34
       Spear             |   104 |   109 |       ||   213
       Scythe            |       |    59 |   149 ||   208
Throw: Stone             |     5 |    29 |    10 ||    44
       Tomahawk          |       |       |     3 ||     3
 Abil: Draw Destruction  |       |     4 |     1 ||     5
  Use: Potion            |     1 |       |     2 ||     3
       Scroll            |       |     3 |     2 ||     5
  Eat: Chunk             |       |     6 |     4 ||    10
Armor: Scale mail        |    54 |    45 |    44 ||   143
       Plate armour      |       |       |    57 ||    57
Dodge: Dodged            |    43 |    50 |    65 ||   158
Block: Shield            |    53 |    68 |   126 ||   247
